Map: Acropolis LE

Players

LiquidSnute (Snute)

  • Race: Zerg Zerg
  • League: Grandmaster
  • Spawn Location: 11:00

PtitDrogo - Winner!

  • Race: Protoss Protoss
  • League: Master
  • Spawn Location: 5:00

Event: NationWars 2019

VOD

Have the link to the VOD?

Description

Time

  • Played on: Oct. 10, 2019, 1 p.m.
  • Length: 8:30
Show
View Real Time Build Order
Export as new Build Order

LiquidSnute Zerg 

Build Orders: Hatch First 

Get SALT Encoding   

  12  0:00  Drone  
  13  0:12  Overlord  
  13  0:17  Drone  
  14  0:30  Drone x2  
  14  0:34  Drone  
  17  0:51  Hatchery  
  17  0:54  Drone  
  17  0:57  Drone  
  18  1:08  Extractor  
  17  1:12  Spawning Pool  
  17  1:15  Drone  
  17  1:17  Drone  
  18  1:28  Drone  
  19  1:38  Overlord  
  19  1:50  Drone  
  20  1:58  Queen  
  20  2:00  Zergling x2  
  23  2:02  Queen  
  23  2:03  Zergling x2  
  23  2:07  Metabolic Boost  
  26  2:11  Drone  
  26  2:14  Drone  
  28  2:24  Drone  
  28  2:26  Drone  
  30  2:34  Hatchery  
  29  2:40  Drone  
  29  2:41  Drone  
  29  2:43  Overlord  
  31  2:50  Queen  
  33  2:57  Zergling x6  
  36  3:07  Zergling x8  
  36  3:10  Zergling x2  
  41  3:16  Zergling x6  
  44  3:20  Overlord  
  44  3:23  Pneumatized Carapace  
  44  3:43  Zergling x16  
  44  3:44  Overlord  
  44  3:46  Drone  
  53  3:51  Drone  
  53  3:53  Drone  
  54  3:56  Drone  
  54  4:01  Drone  
  55  4:05  Drone, Queen  
  55  4:07  Drone  
  55  4:08  Drone  
  55  4:09  Drone  
  60  4:12  Drone  
  60  4:15  Drone  
  60  4:16  Drone  
  63  4:18  Drone  
  63  4:22  Overlord  
  64  4:24  Spore Crawler  
  64  4:27  Overlord  
  63  4:32  Spore Crawler  
  63  4:33  Spore Crawler  
  63  4:34  Drone  
  63  4:35  Drone  
  63  4:39  Drone x3  
  63  4:45  Drone x2  
  68  4:46  Drone x2  
  68  4:48  Drone x2  
  72  4:53  Extractor  
  72  4:54  Roach Warren  
  72  4:58  Overlord  
  69  5:00  Extractor  
  69  5:05  Overlord  
  66  5:08  Overlord  
  63  5:35  Roach x6  
  63  5:38  Drone x7  
  63  5:40  Overlord  
  68  5:44  Overlord  
  68  5:46  Drone  
  64  5:50  Drone  
  64  5:52  Lair  
  64  5:55  Drone  
  66  5:59  Drone x4, Queen  
  66  6:00  Queen  
  66  6:03  Drone  
  75  6:04  Drone  
  75  6:05  Drone  
  75  6:09  Zergling x4  
  79  6:13  Zergling x6  
  82  6:21  Zergling x8  
  86  6:30  Roach x4, Baneling Nest  
  93  6:35  Queen  
  101  6:40  Roach x4  
  101  6:46  Roach x3  
  109  6:51  Roach x3  
  109  6:52  Glial Reconstitution  
  115  6:56  Overlord  
  115  7:01  Roach x3  
  109  7:09  Roach x4  
  109  7:14  Roach  
  97  7:19  Roach x2  
  87  7:24  Roach  
  87  7:28  Roach  
  87  7:32  Queen  
  87  7:33  Queen  
  91  7:38  Roach x3  
  91  7:39  Roach  
  91  7:43  Roach x2  
  103  7:48  Queen  
  103  8:04  Roach x6  
  99  8:08  Roach x2  
Show
View Real Time Build Order
Export as new Build Order

PtitDrogo Protoss - Winner!

Build Orders: 1 Gate Expand, Oracle Opening, Zealot Archon, Archon Drop 

Get SALT Encoding   

  12  0:00  Probe  
  13  0:12  Probe  
  14  0:21  Pylon  
  14  0:25  Probe  
  15  0:31  Assimilator  
  15  0:39  Probe (Chrono Boost)  
  16  0:46  Gateway  
  16  0:48  Probe (Chrono Boost)  
  17  0:53  Probe (Chrono Boost)  
  18  1:05  Probe  
  19  1:17  Probe  
  20  1:23  Nexus  
  20  1:34  Cybernetics Core  
  20  1:37  Probe  
  21  1:43  Assimilator  
  21  1:49  Probe  
  22  1:54  Pylon  
  23  2:01  Probe  
  23  2:09  Adept (Chrono Boost)  
  23  2:13  Probe  
  23  2:15  Stargate  
  26  2:23  Warp Gate  
  26  2:25  Probe (Chrono Boost)  
  27  2:32  Stalker  
  27  2:36  Probe (Chrono Boost)  
  30  2:37  Probe (Chrono Boost)  
  31  2:46  Probe x2 (Chrono Boost)  
  31  2:51  Probe x2 (Chrono Boost)  
  35  3:03  Oracle (Chrono Boost), Probe  
  35  3:04  Probe  
  40  3:11  Pylon  
  40  3:15  Probe  
  40  3:17  Probe  
  42  3:22  Gateway  
  42  3:28  Probe  
  42  3:29  Probe  
  42  3:30  Oracle (Chrono Boost)  
  47  3:40  Probe  
  48  3:41  Pylon  
  48  3:42  Probe  
  49  3:55  Assimilator  
  49  3:56  Assimilator, Shield Battery  
  49  3:58  Oracle (Chrono Boost)  
  49  4:01  Probe  
  53  4:03  Probe  
  54  4:11  Pylon, Zealot  
  54  4:13  Probe  
  54  4:15  Probe  
  54  4:16  Zealot  
  60  4:24  Twilight Council  
  60  4:25  Probe  
  60  4:27  Probe  
  62  4:34  Robotics Facility  
  62  4:37  Probe  
  63  4:39  Probe  
  63  4:40  Gateway x2  
  63  4:41  Gateway  
  63  4:42  Gateway  
  64  4:46  Zealot  
  64  4:50  Zealot  
  68  4:56  Pylon  
  68  5:06  Charge (Chrono Boost)  
  68  5:10  Zealot  
  68  5:13  Templar Archives  
  69  5:16  Zealot  
  69  5:18  Probe  
  69  5:20  Probe  
  61  5:30  Probe, Warp Prism (Chrono Boost), Zealot  
  61  5:33  Probe  
  61  5:35  Zealot x2  
  69  5:50  Nexus  
  69  5:51  Pylon  
  69  5:55  High Templar  
  69  5:56  High Templar x3  
  77  5:59  Pylon  
  77  6:02  Archon x2  
  77  6:07  Gateway  
  77  6:08  Gateway  
  77  6:09  Zealot  
  77  6:10  Zealot  
  81  6:15  Observer (Chrono Boost)  
  81  6:17  Probe x2  
  82  6:32  High Templar x2  
  86  6:33  Zealot x4  
  86  6:36  Pylon, Archon  
  86  6:37  Pylon  
  94  6:54  Probe x2  
  94  6:58  Zealot x2  
  94  6:59  Zealot  
  102  7:01  Zealot  
  102  7:02  Zealot x2  
  102  7:07  Probe  
  102  7:08  Zealot x2  
  113  7:15  Immortal (Chrono Boost)  
  94  7:17  Probe x2  
  86  7:30  Probe x2  
  86  7:33  High Templar x2, Assimilator  
  86  7:34  High Templar x2  
  86  7:35  Assimilator, Zealot x4  
  104  7:37  Probe  
  104  7:38  Archon  
  104  7:39  Archon  
  104  7:43  Pylon, Probe  
  106  7:49  Forge  
  106  8:00  Zealot x4  
  106  8:02  Probe  
  106  8:03  Probe  
  106  8:06  Zealot x3  
  106  8:07  Sentry  
  106  8:14  Probe  
Tags
 
Add a new tag
Caveats
  • Supply blocks, unpowered buildings, or Contaminate may cause inaccurate times.
  • Supply counts are checked every 10 seconds.